Workbook

Sheet Project_BudgetTemplate_control
B2: Proposal Title (please use the same title as the one inserted in the technical annex)
B3: BUDGET ESTIMATION
B5: Indicate to which type of project you are applying
B7: Estimated eligible costs of the action and expected contribution
B8: Cost Category | C8: Estimated Eligible Cost | D8: PM
B9: Personnel Costs | C9: =#REF!+#REF!+#REF!+#REF!+#REF! -> #REF! | D9: =#REF!+#REF!+#REF!+#REF!+#REF! -> #REF!
B10: Travel, accommodation and subsistence | C10: =#REF!+#REF!+#REF!+#REF!+#REF! -> #REF!
B11: Equipment/Tech Consumables | C11: =#REF!+#REF!+#REF!+#REF!+#REF! -> #REF!
B12: Other goods, works and services | C12: =#REF!+#REF!+#REF!+#REF!+#REF! -> #REF!
B13: Subcontracting | C13: =#REF!+#REF!+#REF!+#REF!+#REF! -> #REF!
B14: Indirect Costs (flat rate of 25% on direct costs) | C14: =(C9+C10+C11+C12)*25% -> #REF!
B15: Total estimated costs | C15: =SUM(C9:C14) -> #REF!
B17: Estimated sources of financing of the action (revenue)
B18: Requested contribution | C18: =#REF!+#REF!+#REF!+#REF!+#REF! -> #REF!
B19: Requested contribution % | C19: =IFERROR(C18/C15,"")
B20: Own contribution | C20: =#REF!+#REF!+#REF!+#REF!+#REF! -> #REF!
B21: Other sources | C21: =#REF!+#REF!+#REF!+#REF!+#REF! -> #REF!
B22: Total estimated costs | C22: =SUM(C18:C21) -> #REF!
B23: If applicable, please describe other sources:
B26: OPEN CALL Community-Led Actions | SOS2LearnDBS Version 1.0

Sheet Global
B2: Budget template - Transition Agenda Call 1
B4: Funding Tier (please select)
B6: Project's Acronym
B7: Funding rate | C7: 1
B8: Total Requested Funding | C8: =C18*C7 -> 0
B10: Budget Summary per category | E10: =IF('P1'!$C$4="","",'P1'!$C$4) | F10: =IF('P2'!$C$4="","",'P2'!$C$4) | G10: =IF('P3'!$C$4="","",'P3'!$C$4) | H10: =IF('P4'!$C$4="","",'P4'!$C$4)
B11: Cost Category | C11: Estimated Amount | D11: % of Total Budget | E11: P1 | F11: P2 | G11: P3 | H11: P4
B12: 1. Personnel costs | C12: =SUM(E12:H12) -> 0 | D12: =IFERROR(C12/$C$18,0) -> 0 | E12: ='P1'!$C$8 -> 0 | F12: ='P2'!$C$8 -> 0 | G12: ='P3'!$C$8 -> 0 | H12: ='P4'!$C$8 -> 0
B13: 2. Travel, accommodation and subsistence costs | C13: =SUM(E13:H13) -> 0 | D13: =IFERROR(C13/$C$18,0) -> 0 | E13: ='P1'!$C$9 -> 0 | F13: ='P2'!$C$9 -> 0 | G13: ='P3'!$C$9 -> 0 | H13: ='P4'!$C$9 -> 0
B14: 3. Equipment costs | C14: =SUM(E14:H14) -> 0 | D14: =IFERROR(C14/$C$18,0) -> 0 | E14: ='P1'!$C$10 -> 0 | F14: ='P2'!$C$10 -> 0 | G14: ='P3'!$C$10 -> 0 | H14: ='P4'!$C$10 -> 0
B15: 4. Other goods, works and services | C15: =SUM(E15:H15) -> 0 | D15: =IFERROR(C15/$C$18,0) -> 0 | E15: ='P1'!$C$11 -> 0 | F15: ='P2'!$C$11 -> 0 | G15: ='P3'!$C$11 -> 0 | H15: ='P4'!$C$11 -> 0
B16: 5. Subcontracting (max 30%) | C16: =SUM(E16:H16) -> 0 | D16: =IFERROR(C16/$C$18,0) -> 0 | E16: ='P1'!$C$12 -> 0 | F16: ='P2'!$C$12 -> 0 | G16: ='P3'!$C$12 -> 0 | H16: ='P4'!$C$12 -> 0
B17: Indirect costs (25%) | C17: =SUM(E17:H17) -> 0 | D17: =IFERROR(C17/$C$18,0) -> 0 | E17: =25%*SUM(E12:E15) -> 0 | F17: =25%*SUM(F12:F15) -> 0 | G17: =25%*SUM(G12:G15) -> 0 | H17: =25%*SUM(H12:H15) -> 0
B18: Total Budget | C18: =SUM(E18:H18) -> 0 | D18: =IFERROR(C18/$C$18,0) -> 0 | E18: =SUM(E12:E17) -> 0 | F18: =SUM(F12:F17) -> 0 | G18: =SUM(G12:G17) -> 0 | H18: =SUM(H12:H17) -> 0

Sheet P1
B2: Budget template - Transition Agenda Call 1
B4: Partner's name
B6: Budget Summary per category
B7: Cost Category | C7: Estimated Amount | D7: % of Total Budget
B8: 1. Personnel costs | C8: =E18 -> 0 | D8: =IFERROR(C8/$C$14,0) -> 0
B9: 2. Travel, accommodation and subsistence costs | C9: =E27 -> 0 | D9: =IFERROR(C9/$C$14,0) -> 0
B10: 3. Equipment costs | C10: =E36 -> 0 | D10: =IFERROR(C10/$C$14,0) -> 0
B11: 4. Other goods, works and services | C11: =D45 -> 0 | D11: =IFERROR(C11/$C$14,0) -> 0
B12: 5. Subcontracting (max 30%) | C12: =D55 -> 0 | D12: =IFERROR(C12/$C$14,0) -> 0 | E12: =IF(D12>30%,"Subcontracting cannot be higher than 30%. Please revise the budget","")
B13: Indirect costs (25%) | C13: =25%*SUM(C8:C11) -> 0 | D13: =IFERROR(C13/$C$14,0) -> 0
B14: Total Budget | C14: =SUM(C8:C13) -> 0 | D14: =IFERROR(C14/$C$14,0) -> 0 | E14: =IF(C14>60000,"Partner's Budget cannot be higher than 60.000€","")
B17: Detailed Budget Plan
B18: 1. Personnel Costs | D18: TOTAL | E18: =SUM(E21:E25) -> 0
B19: Position / Role | C19: Staff effort | D19: Average monthly staff rate | E19: Total Cost | F19: Justification/tasks
C20: Estimated PM (Person-monts)
E21: =C21*D21 -> 0
E22: =C22*D22 -> 0
E23: =C23*D23 -> 0
E24: =C24*D24 -> 0
E25: =C25*D25 -> 0
B27: 2. Travel Costs | D27: TOTAL | E27: =SUM(E29:E34) -> 0
B28: Description of Travel | C28: Nr of persons travelling | D28: Average cost for the travel, accommodation and subsistence per person | E28: Total cost
E29: =C29*D29 -> 0
E30: =C30*D30 -> 0
E31: =C31*D31 -> 0
E32: =C32*D32 -> 0
E33: =C33*D33 -> 0
E34: =C34*D34 -> 0
B36: 3. Equipment Costs | D36: TOTAL | E36: =SUM(E38:E43) -> 0
B37: Equipment / Item | C37: Purpose/Related activity | D37: Quantity | E37: Estimated Cost
B45: 4. Other goods, works and services | C45: TOTAL | D45: =SUM(D47:D53) -> 0
B46: Description/Related activity | C46: Units | D46: Cost
B55: 5. External services/subcontracting: | C55: TOTAL | D55: =SUM(D57:D61) -> 0
B56: Description/Related activity | C56: Units | D56: Cost

Sheet P2
B2: Budget template - Transition Agenda Call 1
B4: Partner's name
B6: Budget Summary per category
B7: Cost Category | C7: Estimated Amount | D7: % of Total Budget
B8: 1. Personnel costs | C8: =E18 -> 0 | D8: =IFERROR(C8/$C$14,0) -> 0
B9: 2. Travel, accommodation and subsistence costs | C9: =E27 -> 0 | D9: =IFERROR(C9/$C$14,0) -> 0
B10: 3. Equipment costs | C10: =E36 -> 0 | D10: =IFERROR(C10/$C$14,0) -> 0
B11: 4. Other goods, works and services | C11: =D45 -> 0 | D11: =IFERROR(C11/$C$14,0) -> 0
B12: 5. Subcontracting (max 30%) | C12: =D55 -> 0 | D12: =IFERROR(C12/$C$14,0) -> 0 | E12: =IF(D12>30%,"Subcontracting cannot be higher than 30%. Please revise the budget","")
B13: Indirect costs (25%) | C13: =25%*SUM(C8:C11) -> 0 | D13: =IFERROR(C13/$C$14,0) -> 0
B14: Total Budget | C14: =SUM(C8:C13) -> 0 | D14: =IFERROR(C14/$C$14,0) -> 0 | E14: =IF(C14>60000,"Partner's Budget cannot be higher than 60.000€","")
B17: Detailed Budget Plan
B18: 1. Personnel Costs | D18: TOTAL | E18: =SUM(E21:E25) -> 0
B19: Position / Role | C19: Staff effort | D19: Average monthly staff rate | E19: Total Cost | F19: Justification/tasks
C20: Estimated PM (Person-monts)
E21: =C21*D21 -> 0
E22: =C22*D22 -> 0
E23: =C23*D23 -> 0
E24: =C24*D24 -> 0
E25: =C25*D25 -> 0
B27: 2. Travel Costs | D27: TOTAL | E27: =SUM(E29:E34) -> 0
B28: Description of Travel | C28: Nr of persons travelling | D28: Average cost for the travel, accommodation and subsistence per person | E28: Total cost
E29: =C29*D29 -> 0
E30: =C30*D30 -> 0
E31: =C31*D31 -> 0
E32: =C32*D32 -> 0
E33: =C33*D33 -> 0
E34: =C34*D34 -> 0
B36: 3. Equipment Costs | D36: TOTAL | E36: =SUM(E38:E43) -> 0
B37: Equipment / Item | C37: Purpose/Related activity | D37: Quantity | E37: Estimated Cost
B45: 4. Other goods, works and services | C45: TOTAL | D45: =SUM(D47:D53) -> 0
B46: Description/Related activity | C46: Units | D46: Cost
B55: 5. External services/subcontracting: | C55: TOTAL | D55: =SUM(D57:D61) -> 0
B56: Description/Related activity | C56: Units | D56: Cost

Sheet P3
B2: Budget template - Transition Agenda Call 1
B4: Partner's name
B6: Budget Summary per category
B7: Cost Category | C7: Estimated Amount | D7: % of Total Budget
B8: 1. Personnel costs | C8: =E18 -> 0 | D8: =IFERROR(C8/$C$14,0) -> 0
B9: 2. Travel, accommodation and subsistence costs | C9: =E27 -> 0 | D9: =IFERROR(C9/$C$14,0) -> 0
B10: 3. Equipment costs | C10: =E36 -> 0 | D10: =IFERROR(C10/$C$14,0) -> 0
B11: 4. Other goods, works and services | C11: =D45 -> 0 | D11: =IFERROR(C11/$C$14,0) -> 0
B12: 5. Subcontracting (max 30%) | C12: =D55 -> 0 | D12: =IFERROR(C12/$C$14,0) -> 0 | E12: =IF(D12>30%,"Subcontracting cannot be higher than 30%. Please revise the budget","")
B13: Indirect costs (25%) | C13: =25%*SUM(C8:C11) -> 0 | D13: =IFERROR(C13/$C$14,0) -> 0
B14: Total Budget | C14: =SUM(C8:C13) -> 0 | D14: =IFERROR(C14/$C$14,0) -> 0 | E14: =IF(C14>60000,"Partner's Budget cannot be higher than 60.000€","")
B17: Detailed Budget Plan
B18: 1. Personnel Costs | D18: TOTAL | E18: =SUM(E21:E25) -> 0
B19: Position / Role | C19: Staff effort | D19: Average monthly staff rate | E19: Total Cost | F19: Justification/tasks
C20: Estimated PM (Person-monts)
E21: =C21*D21 -> 0
E22: =C22*D22 -> 0
E23: =C23*D23 -> 0
E24: =C24*D24 -> 0
E25: =C25*D25 -> 0
B27: 2. Travel Costs | D27: TOTAL | E27: =SUM(E29:E34) -> 0
B28: Description of Travel | C28: Nr of persons travelling | D28: Average cost for the travel, accommodation and subsistence per person | E28: Total cost
E29: =C29*D29 -> 0
E30: =C30*D30 -> 0
E31: =C31*D31 -> 0
E32: =C32*D32 -> 0
E33: =C33*D33 -> 0
E34: =C34*D34 -> 0
B36: 3. Equipment Costs | D36: TOTAL | E36: =SUM(E38:E43) -> 0
B37: Equipment / Item | C37: Purpose/Related activity | D37: Quantity | E37: Estimated Cost
B45: 4. Other goods, works and services | C45: TOTAL | D45: =SUM(D47:D53) -> 0
B46: Description/Related activity | C46: Units | D46: Cost
B55: 5. External services/subcontracting: | C55: TOTAL | D55: =SUM(D57:D61) -> 0
B56: Description/Related activity | C56: Units | D56: Cost

Sheet P4
B2: Budget template - Transition Agenda Call 1
B4: Partner's name
B6: Budget Summary per category
B7: Cost Category | C7: Estimated Amount | D7: % of Total Budget
B8: 1. Personnel costs | C8: =E18 -> 0 | D8: =IFERROR(C8/$C$14,0) -> 0
B9: 2. Travel, accommodation and subsistence costs | C9: =E27 -> 0 | D9: =IFERROR(C9/$C$14,0) -> 0
B10: 3. Equipment costs | C10: =E36 -> 0 | D10: =IFERROR(C10/$C$14,0) -> 0
B11: 4. Other goods, works and services | C11: =D45 -> 0 | D11: =IFERROR(C11/$C$14,0) -> 0
B12: 5. Subcontracting (max 30%) | C12: =D55 -> 0 | D12: =IFERROR(C12/$C$14,0) -> 0 | E12: =IF(D12>30%,"Subcontracting cannot be higher than 30%. Please revise the budget","")
B13: Indirect costs (25%) | C13: =25%*SUM(C8:C11) -> 0 | D13: =IFERROR(C13/$C$14,0) -> 0
B14: Total Budget | C14: =SUM(C8:C13) -> 0 | D14: =IFERROR(C14/$C$14,0) -> 0 | E14: =IF(C14>60000,"Partner's Budget cannot be higher than 60.000€","")
B17: Detailed Budget Plan
B18: 1. Personnel Costs | D18: TOTAL | E18: =SUM(E21:E25) -> 0
B19: Position / Role | C19: Staff effort | D19: Average monthly staff rate | E19: Total Cost | F19: Justification/tasks
C20: Estimated PM (Person-monts)
E21: =C21*D21 -> 0
E22: =C22*D22 -> 0
E23: =C23*D23 -> 0
E24: =C24*D24 -> 0
E25: =C25*D25 -> 0
B27: 2. Travel Costs | D27: TOTAL | E27: =SUM(E29:E34) -> 0
B28: Description of Travel | C28: Nr of persons travelling | D28: Average cost for the travel, accommodation and subsistence per person | E28: Total cost
E29: =C29*D29 -> 0
E30: =C30*D30 -> 0
E31: =C31*D31 -> 0
E32: =C32*D32 -> 0
E33: =C33*D33 -> 0
E34: =C34*D34 -> 0
B36: 3. Equipment Costs | D36: TOTAL | E36: =SUM(E38:E43) -> 0
B37: Equipment / Item | C37: Purpose/Related activity | D37: Quantity | E37: Estimated Cost
B45: 4. Other goods, works and services | C45: TOTAL | D45: =SUM(D47:D53) -> 0
B46: Description/Related activity | C46: Units | D46: Cost
B55: 5. External services/subcontracting: | C55: TOTAL | D55: =SUM(D57:D61) -> 0
B56: Description/Related activity | C56: Units | D56: Cost

Sheet Listas
C8: Tier 1: 25.000€ - 50.000€ grant
C9: Tier 2: 50.000€ - 75.000€ grant
C10: Tier 3: 75.000€ - 100.000€ grant
